 Dungeon Crawl Stone Soup version 0.23.0 (webtiles) character file.

Game seed: 2774579757184814819

2401 Kisielow the Arsonist (level 9, -23/51 HPs)
             Began as a Deep Elf Fire Elementalist on Feb 19, 2019.
             Was an Initiate of Vehumet.
             Killed from afar by Erica (38 damage)
             ... with an orb of energy
             ... on level 8 of the Dungeon.
             The game lasted 00:23:50 (9128 turns).

Kisielow the Arsonist (Deep Elf Fire Elementalist)  Turns: 9128, Time: 00:23:50

Health: -23/51     AC:  4    Str:  9    XL:     9   Next: 23%
Magic:  11/20      EV: 15    Int: 29    God:    Vehumet [......]
Gold:   285        SH:  3    Dex: 15    Spells: 9/20 levels left

rFire    . . .     SeeInvis .   j - +7 rapier of the Six Places {pierce, rN+ Str+2}
rCold    + . .     Gourm    .   o - +0 buckler
rNeg     + . .     Faith    .   a - +1 robe
rPois    .         Spirit   .   b - +1 hat
rElec    .         Reflect  .   g - scarf {cloud immunity}
rCorr    .         Harm     .   (no gloves)
MR       .....                  (no boots)
Stlth    ++........             (no amulet)
HPRegen  0.17/turn              A - +5 ring of intelligence (curse)
MPRegen  0.17/turn              (no ring)

@: lethally poisoned (-23 -> -38), slowed, very slow
A: cold resistance 1, strong 1, MP-powered wands
a: Renounce Religion


You were on level 8 of the Dungeon.
You worshipped Vehumet.
Vehumet was noncommittal.
You were not hungry.

You visited 2 branches of the dungeon, and saw 9 of its levels.

You collected 285 gold pieces.

Inventory:

Hand Weapons
 j - the +7 rapier of the Six Places (weapon) {pierce, rN+ Str+2}
   (You found it on level 4 of the Dungeon)

   It inflicts extra damage upon your enemies.
   It affects your strength (+2).
   It protects you from negative energy.
 z - the +8 bardiche of Zote Ibifu {chop, rF+ Str+7, unknown}
   (You found it on level 6 of the Dungeon)

   It inflicts extra damage upon your enemies.
   It affects your strength (+7).
   It protects you from fire.
Armour
 a - a +1 robe (worn)
 b - a +1 hat (worn)
 g - a scarf of cloud immunity (worn)
 o - a +0 buckler (worn)
Magical Staves
 p - an uncursed staff of earth
Jewellery
 A - a cursed +5 ring of intelligence (left hand)
Wands
 d - a wand of iceblast (11)
 e - a wand of acid (9)
 i - a wand of flame (14)
 q - a wand of scattershot (7)
 B - a wand of disintegration (16)
Scrolls
 h - a scroll of amnesia
 k - a scroll of immolation
 r - a scroll of enchant weapon
 u - a scroll of blinking
 y - 4 scrolls of remove curse
 C - 2 scrolls of magic mapping
Potions
 f - 2 potions of curing
 l - 3 potions of heal wounds {unknown}
 m - a potion of invisibility
 n - 2 potions of flight {unknown}
 s - a potion of cancellation {unknown}
 t - a potion of brilliance {unknown}
 v - a potion of agility
 w - a potion of resistance
 x - a potion of might {unknown}
Comestibles
 c - 13 rations
 D - 6 chunks of flesh


   Skills:
 + Level 3.3 Fighting
 + Level 5.6 Dodging
 - Level 2.4 Stealth
 - Level 6.3 Spellcasting
 * Level 7.7 Conjurations
 * Level 8.4 Fire Magic


You had 9 spell levels left.
You knew the following spells:

 Your Spells              Type           Power        Failure   Level  Hunger
e - Inner Flame           Hex/Fire       ####....     4%          3    None
q - Flame Tongue          Conj/Fire      #####        1%          1    None
r - Fireball              Conj/Fire      ######....   10%         5    #####..
w - Throw Flame           Conj/Fire      ######       1%          2    None

Your spell library contained the following spells:

 Spells                   Type           Power        Failure   Level  Hunger
 Conjure Flame            Conj/Fire      ######..     1%          3    None
 Sticky Flame             Conj/Fire      ######..     3%          4    ###....
 Corona                   Hex            #......      9%          1    None
 Slow                     Hex            #.......     14%         2    None
 Portal Projectile        Hex/Tloc       #.....       26%         3    None
 Cause Fear               Hex            #.........   65%         4    ###....
 Leda's Liquefaction      Hex/Erth       #.........   65%         4    ###....


Dungeon Overview and Level Annotations

Branches:
Dungeon (8/15)             Temple (1/1) D:7
   Lair: D:8-11

Altars:
Ashenzari
Cheibriados
Dithmenos
Elyvilon
Fedhas
Gozag
Hepliaklqana
Kikubaaqudgha
Makhleb
Nemelex Xobeh
Okawaru
Qazlal
Ru
Sif Muna
Trog
Uskayaw
Vehumet
Wu Jian
Xom
Yredelemnul
Zin
The Shining One

Annotations:
D:8 Erica


Innate Abilities, Weirdness & Mutations

Your flesh is cold resistant. (rC+)
Your muscles are strong. (Str +2)
You expend magic power (3 MP) to strengthen your wands.


Message History

Aim: Erica, wielding a +4 scimitar of flaming and wearing a +0 robe (heavily wounded)
The puff of flame hits Erica.
Erica is severely wounded.
Erica casts a spell at you.
You feel yourself slow down.
Casting: Throw Flame (safe; 1% risk of failure)
Confirm with . or Enter, or press ? or * to list all spells.
Aiming: Throw Flame (safe; 1% risk of failure)
Press: ? - help, Shift-Dir - straight line, f/p - Erica
Aim: Erica, wielding a +4 scimitar of flaming and wearing a +0 robe (severely wounded)
The puff of flame hits Erica!
Erica is severely wounded.
Erica gestures at you while chanting. The bolt of poison hits you!
You are poisoned.
* * * LOW HITPOINT WARNING * * *
Erica points at you and mumbles some strange words.
The orb of energy hits you!!!
Ouch! That really hurt!
You die...

#.# ...{ ... #### #.#
######## #.#
#......######@###
#.#.............#######
#....#.####.###.#......
.......# #.# #รท..#
#....#.# #.# #.@##
#......# #......#
##...### #.#.##.# #...#
#.#. #.# #...# #.. ..#
#...# ### ###
##...######
..........###
.............


You could see Erica.

Vanquished Creatures
  Sigmund (D:2)
  An orc warrior (D:6)
  2 sky beasts
  3 ice beasts
  A black bear (D:7)
  2 ogres
  3 centaurs
  2 bullfrogs
  A gnoll sergeant (D:5)
  2 bullfrog zombies (D:7)
  A howler monkey (D:4)
  6 crimson imps
  A centaur zombie (D:7)
  A quasit (D:5)
  A jelly (D:5)
  A centaur skeleton (D:5)
  3 orc wizards
  An iguana (D:6)
  Ijyb (D:5)
  Natasha (thrice) (D:3)
  4 worker ants
  Terence (D:2)
  Robin (D:2)
  5 adders
  4 gnolls (D:5)
  A shadow imp (D:5)
  An ooze (D:4)
  2 adder skeletons
  2 dart slugs
  A worm (D:2)
  11 leopard geckos
  13 orcs
  A ball python (D:6)
  8 giant cockroaches
  16 goblins
  8 hobgoblins
  15 jackals
  4 kobolds
  3 quokkas
  5 bats
  5 frilled lizards
  A jackal skeleton (D:5)
  A leopard gecko skeleton (D:7)
  A quokka skeleton (D:5)
  A quokka zombie (D:8)
  10 rats
162 creatures vanquished.

Notes
Turn   | Place    | Note
-------+----------+-------------------------------------------
     0 | D:1      | Kisielow the Deep Elf Fire Elementalist began the quest for
                  | the Orb.
     0 | D:1      | Reached XP level 1. HP: 10/10 MP: 6/6
   238 | D:1      | Reached XP level 2. HP: 15/15 MP: 5/8
   405 | D:1      | Learned a level 2 spell: Throw Flame
   787 | D:1      | Reached XP level 3. HP: 19/19 MP: 4/10
   841 | D:1      | Learned a level 3 spell: Inner Flame
  1357 | D:2      | Noticed Robin
  1592 | D:2      | Noticed Terence
  1605 | D:2      | Killed Terence
  1605 | D:2      | Reached XP level 4. HP: 16/24 MP: 2/12
  1809 | D:2      | Reached skill level 4 in Fire Magic
  1911 | D:2      | Killed Robin
  2003 | D:2      | Reached skill level 5 in Spellcasting
  2400 | D:2      | Noticed Sigmund
  2413 | D:2      | Gained mutation: Your muscles are strong. (Str +2) [potion
                  | of mutation]
  2413 | D:2      | Gained mutation: You expend magic power (3 MP) to
                  | strengthen your wands. [potion of mutation]
  2413 | D:2      | Gained mutation: Your flesh is cold resistant. (rC+)
                  | [potion of mutation]
  2424 | D:2      | Killed Sigmund
  2424 | D:2      | Reached XP level 5. HP: 4/28 MP: 2/15
  2424 | D:2      | Reached XP level 6. HP: 4/32 MP: 2/17
  2789 | D:3      | Noticed Natasha
  2794 | D:3      | Killed Natasha
  2851 | D:3      | Learned a level 5 spell: Fireball
  2969 | D:3      | Noticed Natasha
  2972 | D:3      | Killed Natasha
  3099 | D:3      | Found a bloodstained altar of Trog.
  3141 | D:3      | Noticed Natasha
  3147 | D:3      | Killed Natasha
  3750 | D:4      | Reached skill level 5 in Fire Magic
  4865 | D:4      | Reached skill level 1 in Fighting
  4865 | D:4      | Reached XP level 7. HP: 38/38 MP: 10/18
  5203 | D:4      | Got an ichor-stained rapier
  5204 | D:4      | Identified the +7 rapier of the Six Places {pierce, rN+
                  | Str+2} (You found it on level 4 of the Dungeon)
  5330 | D:5      | Entered Level 5 of the Dungeon
  5364 | D:5      | Noticed Ijyb
  5370 | D:5      | Killed Ijyb
  5891 | D:5      | Reached skill level 5 in Conjurations
  5891 | D:5      | Reached skill level 6 in Fire Magic
  6374 | D:6      | Reached XP level 8. HP: 44/44 MP: 16/19
  6559 | D:6      | Got a polished bardiche
  6875 | D:6      | Found a glowing golden altar of the Shining One.
  6983 | D:6      | Reached skill level 7 in Fire Magic
  7784 | D:7      | Reached skill level 5 in Dodging
  8106 | D:7      | Reached skill level 8 in Fire Magic
  8106 | D:7      | Reached XP level 9. HP: 50/50 MP: 7/20
  8248 | D:7      | Found a staircase to the Ecumenical Temple.
  8261 | Temple   | Entered the Ecumenical Temple
  8297 | Temple   | Became a worshipper of Vehumet
  8775 | D:8      | Noticed Erica
  9128 | D:8      | Killed from afar by Erica

Skill      XL: |  1  2  3  4  5  6  7  8 |
---------------+-------------------------+-----
Spellcasting   | 4 6 |  6.3
Conjurations   | 2 3 4 5 7 |  7.7
Fire Magic     | 4 5 6 8 |  8.4
Fighting       | 1 2 3 |  3.3
Dodging        | 3 4 5 |  5.6
Stealth        | |  2.4

Action                   |  1- 3 |  4- 6 |  7- 9 || total
-------------------------+-------+-------+-------++-------
Melee: Unarmed           |     6 |       |       ||     6
       Dagger            |    10 |   278 |       ||   288
       Rapier            |       |       |    43 ||    43
 Cast: Flame Tongue      |    45 |    40 |    67 ||   152
       Throw Flame       |    17 |    53 |   122 ||   192
       Inner Flame       |     1 |     2 |     4 ||     7
       Fireball          |       |       |     1 ||     1
Evoke: Wand              |       |       |     1 ||     1
  Use: Potion            |       |     6 |       ||     6
       Scroll            |       |     7 |     9 ||    16
  Eat: Chunk             |     2 |     9 |    12 ||    23
       Ration            |       |     1 |       ||     1
Armor: Robe              |     7 |    33 |    39 ||    79
       Skin              |       |    13 |       ||    13
Dodge: Dodged            |    27 |    93 |    84 ||   204
Block: Buckler           |       |    13 |    18 ||    31
